 Dungeon Crawl Stone Soup version 0.26.1-11-gd32895ea62 (webtiles) character file.

Game seed: 6104339704324020667

332778 Almogavar the Slayer (level 21, -1/221 HPs)
             Began as a Hill Orc Fighter on Apr 27, 2021.
             Was the Champion of Okawaru.
             Slain by an azure jelly (6 damage)
             ... created by the Royal Jelly
             ... on level 4 of the Pits of Slime on Apr 28, 2021.
             The game lasted 03:02:54 (56410 turns).

Almogavar the Slayer (Hill Orc Fighter)            Turns: 56410, Time: 03:02:55

Health: -1/221     AC: 23    Str: 31      XL:     21   Next: 80%
Magic:  30/34      EV: 17    Int: 15      God:    Okawaru [******]
Gold:   4447       SH:  0    Dex: 25 (26) Spells: 20/20 levels left

rFire    . . .     SeeInvis .   l - +7 battleaxe of Dullness {elec, Str+2}
rCold    + + +     Faith    +   (shield currently unavailable)
rNeg     + + .     Spirit   .   w - +9 plate armour of Negation {Slay+3}
rPois    +         Reflect  .   V - +3 hat of Pondering {ponderous, Will+ MP+10 Int+5}
rElec    +         Harm     .   U - +1 cloak {rCorr}
rCorr    +         Rampage  .   G - +0 pair of gloves of Fashionability {rCorr}
Will     +++++                  F - +0 pair of boots of the Shore {rElec rF- Dex+6 Stlth+}
Stlth    ..........             D - amulet "Caominne" {Faith *Drain rN+ Will+++ Dex+4}
HPRegen  0.46/turn              o - ring of poison resistance
MPRegen  0.24/turn              n - ring "Fahuihoc" {rF+ rC+++ rN+ Int+2 Dex+6}

@: mighty, heroism, finesse, corroded, slow
A: blurry vision 1, deterioration 2, subdued magic 1, MP-powered wands
}: 2/15 runes: serpentine, barnacled
a: Renounce Religion, Heroism, Finesse


You were on level 4 of the Pits of Slime.
You worshipped Okawaru.
Okawaru was exalted by your worship.
You visited 8 branches of the dungeon, and saw 40 of its levels.
You also visited: Sewer, Ossuary, Ice Cave and Volcano.

You collected 5898 gold pieces.
You spent 1451 gold pieces at shops.

Inventory:

Hand Weapons
 l - the +7 battleaxe of Dullness (weapon) {elec, Str+2}
   (Okawaru gifted it to you on level 3 of the Snake Pit)

   Occasionally, upon striking a foe, it can discharge electrical energy and
   cause terrible harm.
   It affects your strength (+2).
 H - the +3 war axe of Growth {freeze, rN+}
   (Okawaru gifted it to you on level 2 of the Lair of Beasts)

   It has been specially enchanted to freeze those struck by it, causing extra
   injury to most foes and up to half again as much damage against particularly
   susceptible opponents.
   It can also slow down cold-blooded creatures.
   It protects you from negative energy.
 I - the +1 trident "Puxanar" {antimagic, rF+++ Str+2 Int-4 SInv}
   (You took it off a meliai on level 14 of the Dungeon)

   It reduces the magical energy of the wielder, and disrupts the spells and
   magical abilities of those hit.
   Natural abilities and divine invocations are not affected.
   It affects your strength (+2).
   It affects your intelligence (-4).
   It renders you almost immune to fire.
   It lets you see invisible.
Missiles
 b - 56 javelins
 h - 47 boomerangs (quivered)
 P - 18 silver boomerangs
 W - 25 silver javelins
Armour
 a - the +2 hat of Udekk {rC+}
   (Okawaru gifted it to you on level 1 of the Elven Halls)

   It protects you from cold.
 c - a +0 kite shield of cold resistance
 t - a +0 pair of boots of running
 w - the +9 plate armour of Negation (worn) {Slay+3}
   (You found it on level 4 of the Dungeon)

   It affects your accuracy and damage with ranged weapons and melee attacks
   (+3).
 F - the +0 pair of boots of the Shore (worn) {rElec rF- Dex+6 Stlth+}
   (You found it on level 3 of the Elven Halls)

   It affects your dexterity (+6).
   It makes you vulnerable to fire.
   It insulates you from electricity.
   It makes you more stealthy.
 G - the +0 pair of gloves of Fashionability (worn) {rCorr}
   (You found it on level 2 of the Shoals)

   It provides partial protection from all sources of acid and corrosion.
 J - the +0 pair of gloves "Hexad" {Str+5 Int+3 Dex-4}
   (You found it on level 15 of the Dungeon)

   It affects your strength (+5).
   It affects your intelligence (+3).
   It affects your dexterity (-4).
 R - a scarf of repulsion
 S - a +2 pair of boots of stealth
 T - a +2 pair of boots of rampaging
 U - a +1 cloak of preservation (worn)
 V - the +3 hat of Pondering (worn) {ponderous, Will+ MP+10 Int+5}
   (You took it off Gastronok on level 3 of the Lair of Beasts)

   It affects your intelligence (+5).
   It affects your willpower, your defense against some magical effects.
   It affects your magic capacity (+10).
 Z - a +2 pair of boots of flying
Jewellery
 e - an uncursed ring of protection from fire
 n - the ring "Fahuihoc" (right hand) {rF+ rC+++ rN+ Int+2 Dex+6}
   (You found it on level 1 of the Snake Pit)

   [ring of dexterity]

   It affects your intelligence (+2).
   It affects your dexterity (+6).
   It protects you from fire.
   It renders you almost immune to cold.
   It protects you from negative energy.
 o - a ring of poison resistance (left hand)
 x - an uncursed ring of resist corrosion
 D - the amulet "Caominne" (around neck) {Faith *Drain rN+ Will+++ Dex+4}
   (You took it off an efreet on level 14 of the Dungeon)

   [amulet of faith]

   It allows you to gain divine favour quickly.
   It affects your dexterity (+4).
   It protects you from negative energy.
   It affects your willpower, your defense against some magical effects.
   It causes draining when unequipped.
 K - the ring "Huh Ogig" {Wiz +Fly rN+ Str-4 Dex+5}
   (You found it on level 8 of the Dungeon)

   [ring of wizardry]

   It improves your spell success rate.
   It affects your strength (-4).
   It affects your dexterity (+5).
   It protects you from negative energy.
   It lets you fly.
 N - an uncursed amulet of reflection
 O - the ring of Beauty {rN+ SInv}
   (You found it on level 2 of the Lair of Beasts)

   [ring of positive energy]

   It protects you from negative energy.
   It lets you see invisible.
 Y - the ring of Qododa {rF+ rC+ Stlth+}
   (You took it off a deep elf annihilator on level 3 of the Elven Halls)

   [ring of protection from fire]

   It protects you from fire.
   It protects you from cold.
   It makes you more stealthy.
Wands
 z - a wand of digging (16)
 L - a wand of iceblast (35)
Scrolls
 g - 14 scrolls of teleportation
 q - 3 scrolls of fear
 r - a scroll of summoning
 u - 5 scrolls of blinking
 B - 7 scrolls of magic mapping
 E - 22 scrolls of identify
 M - 3 scrolls of fog
 Q - a scroll of silence
 X - a scroll of holy word
Potions
 d - 7 potions of might
 f - 9 potions of heal wounds
 i - 4 potions of haste
 k - 20 potions of curing
 s - 3 potions of cancellation
 v - 7 potions of invisibility
 C - 4 potions of resistance
Miscellaneous
 j - a lightning rod (4/4)
 m - a condenser vane (inert)
 y - a condenser vane (inert)
 A - a phial of floods


   Skills:
 * Level 26.2(27) Fighting
 - Level 15.2(20.2) Axes
 - Level 0.2(13.6) Maces & Flails
 - Level 12.1(17.1) Throwing
 - Level 18.2(23.2) Armour
 + Level 4.3(9.3) Dodging
 - Level 0.1(5.1) Stealth
 - Level 15.1(20.1) Shields
 - Level 5.1 Invocations
 * Level 8.2 Evocations


You had 20 spell levels left.
You didn't know any spells.
Your spell library contained the following spells:

 Spells                   Type           Power        Failure   Level
 Animate Skeleton         Necr           0%           61%         1
 Apportation              Tloc           0%           61%         1
 Corona                   Hex            0%           61%         1
 Magic Dart               Conj           0%           61%         1
 Sandblast                Erth           0%           61%         1
 Sting                    Tmut/Pois      0%           61%         1
 Summon Small Mammal      Summ           0%           61%         1
 Blink                    Tloc           N/A          75%         2
 Call Imp                 Summ           0%           75%         2
 Corpse Rot               Necr/Air       N/A          75%         2
 Ensorcelled Hibernation  Hex/Ice        0%           75%         2
 Passwall                 Tmut/Erth      0%           75%         2
 Poisonous Vapours        Pois/Air       0%           75%         2
 Slow                     Hex            0%           75%         2
 Sublimation of Blood     Necr           0%           75%         2
 Call Canine Familiar     Summ           0%           93%         3
 Confusing Touch          Hex            0%           93%         3
 Conjure Flame            Conj/Fire      0%           93%         3
 Dazzling Flash           Conj/Hex       0%           93%         3
 Gell's Gravitas          Tloc           0%           93%         3
 Ignite Poison            Fire/Tmut/Pois 0%           93%         3
 Lesser Beckoning         Tloc           0%           93%         3
 Mephitic Cloud           Conj/Pois/Air  0%           93%         3
 Summon Guardian Golem    Hex/Summ       0%           93%         3
 Tukima's Dance           Hex            0%           93%         3
 Animate Dead             Necr           0%           100%        4
 Cause Fear               Hex            0%           100%        4
 Dispel Undead            Necr           0%           100%        4
 Leda's Liquefaction      Hex/Erth       0%           100%        4
 Olgreb's Toxic Radiance  Pois           0%           100%        4
 Petrify                  Tmut/Erth      0%           100%        4
 Sticky Flame             Conj/Fire      0%           100%        4
 Summon Ice Beast         Ice/Summ       0%           100%        4
 Summon Lightning Spire   Summ/Air       0%           100%        4
 Agony                    Necr           0%           100%        5
 Alistair's Intoxication  Tmut/Pois      0%           100%        5
 Bolt of Magma            Conj/Fire/Erth 0%           100%        5
 Borgnjor's Vile Clutch   Necr/Erth      0%           100%        5
 Excruciating Wounds      Necr           0%           100%        5
 Metabolic Englaciation   Hex/Ice        0%           100%        5
 Silence                  Hex/Air        0%           100%        5
 Yara's Violent Unravell  Hex/Tmut       0%           100%        5
 Conjure Ball Lightning   Conj/Air       0%           100%        6
 Death Channel            Necr           0%           100%        6
 Freezing Cloud           Conj/Ice/Air   0%           100%        6
 Invisibility             Hex            0%           100%        6
 Iron Shot                Conj/Erth      0%           100%        6
 Shadow Creatures         Summ           N/A          100%        6
 Simulacrum               Ice/Necr       0%           100%        6
 Statue Form              Tmut/Erth      0%           100%        6
 Discord                  Hex            0%           100%        8
 Shatter                  Erth           0%           100%        9
 Tornado                  Air            0%           100%        9


Dungeon Overview and Level Annotations

Branches:
Dungeon (15/15)            Temple (1/1) D:4            Lair (6/6) D:10
 Shoals (4/4) Lair:3        Snake (4/4) Lair:4        Slime (5/5) Lair:6
    Orc (2/2) D:11            Elf (3/3) Orc:2        Vaults (0/5) D:13
 Depths (0/5) D:15          Sewer (visited)         Ossuary (visited)
  IceCv (visited)         Volcano (visited)

Altars:
Ashenzari
Cheibriados
Dithmenos
Fedhas
Gozag
Hepliaklqana
Kikubaaqudgha
Makhleb
Nemelex Xobeh
Okawaru
Qazlal
Ru
Sif Muna
Trog
Uskayaw
Wu Jian
Xom
Zin
The Shining One
Beogh
Lugonu

Shops:
D:9 *   D:12 [   Orc:2 [!?([   Elf:2 ?   Shoals:4 =   Snake:1 *!*   Snake:2 }=}
Snake:3 [?!?


Innate Abilities, Weirdness & Mutations

Scrolls take you a little longer to read.
Your body often deteriorates upon taking damage.
Your spells are a little easier to cast, but a little less powerful.
You expend magic power (3 MP) to strengthen your wands.


Message History

The condenser dries out!
The acid blob is engulfed in freezing vapours.
The acid blob spits acid at you. The splash of acid hits you. You resist.
* * * LOW HITPOINT WARNING * * *
You are splashed with acid.
You resist.
* * * LOW HITPOINT WARNING * * *
The azure jelly is engulfed in freezing vapours.
The azure jelly hits you but does no damage.
The azure jelly hits you!
* * * LOW HITPOINT WARNING * * *
The azure jelly freezes you. You resist.
* * * LOW HITPOINT WARNING * * *
The azure jelly hits you but does no damage.
The azure jelly completely misses you.
The azure jelly is engulfed in freezing vapours.
The azure jelly barely misses you.
The azure jelly hits you but does no damage. x2
The azure jelly hits you.
You die...

#....#............##
#...........#......##
#...................#
##..................#
##.#............#..###
#..........#........^##
##.........§§§§.......#
#..........§JJ§.......###
##........§§@J§......#..##
##........§JJJ§.....#....#
#........#§§§§§.........#.##
##.#............)....<.....#
###......................##
#..................##.###
##..........<.....## ##
#................##
##...........#...#


You could see 2 acid blobs, 2 azure jellies, a large slime creature and a slime
creature.

Vanquished Creatures
  the Royal Jelly (Slime:5)
  Vashnia (Snake:4)
  Jorgrun (D:12)
  The ghost of xzight the Executioner, an adept MiBe of Trog (Shoals:2)
  3 deep elf master archers (Elf:3)
  3 deep elf blademasters (Elf:3)
  Polyphemus (Shoals:2)
  14 acid blobs
  Gastronok (Lair:3)
  A kraken (Shoals:4)
  Roxanne (Snake:1)
  Donald (Shoals:3)
  Kirke (Snake:4)
  6 nagarajas
  5 azure jellies
  Ilsuiw (Shoals:2)
  A frost giant (D:14)
  Aizul (Snake:4)
  5 deep elf sorcerers (Elf:3)
  8 deep elf elementalists (Elf:3)
  An orc warlord (Orc:2)
  Louise (Snake:1)
  A stone giant (Orc:1)
  6 deep elf demonologists (Elf:3)
  A red draconian (Volcano)
  7 deep elf annihilators (Elf:3)
  An ettin (D:15)
  3 merfolk javelineers
  4 death oozes (Slime:5)
  4 deep elf death magi (Elf:3)
  Josephine (D:12)
  4 merfolk impalers
  3 great orbs of eyes
  7 deep elf high priests
  An ogre mage (D:15)
  3 boulder beetles
  6 hydras
  6 merfolk avatars
  A catoblepas (Shoals:2)
  11 anacondas
  Erica (D:10)
  15 naga warriors
  4 centaur warriors (D:14)
  2 alligator snapping turtles (Shoals:4)
  11 merfolk aquamancers
  24 dancing weapons
  2 death knights (D:14)
  A deep troll earth mage (D:14)
  6 two-headed ogres
  3 satyrs
  6 death yaks
  5 orc high priests
  5 shock serpents
  15 naga sharpshooters
  Nergalle (Lair:2)
  A sun demon (D:15)
  3 salamander mystics
  14 deep elf knights
  9 sea snakes
  2 unseen horrors (D:14)
  8 naga ritualists
  A wizard (D:14)
  11 deep elf archers
  A lindwurm (Lair:6)
  A harpy (Shoals:4)
  15 orc knights
  5 oklob plants
  A wolf spider (Lair:6)
  2 necromancers (D:13)
  11 ugly things
  2 wolf spider zombies
  9 fauns
  6 mana vipers
  4 shining eyes
  A cyclops (shapeshifter) (D:14)
  4 cyclopes
  52 deep elf magi
  13 manticores
  2 orc sorcerers
  16 salamanders
  8 guardian serpents
  An elephant (shapeshifter) (Elf:1)
  3 ice statues (IceCv)
  36 black mambas
  A guardian serpent (shapeshifter) (D:15)
  2 gargoyles
  11 merfolk sirens
  4 eyes of devastation
  4 elephants (Lair:6)
  A torpor snail (Lair:3)
  19 naga magi
  5 water nymphs
  12 cane toads
  8 komodo dragons
  3 efreet (D:14)
  2 yaktaurs
  3 rime drakes
  2 komodo dragons (shapeshifter)
  4 kobold demonologists
  8 trolls
  An ice devil (D:15)
  29 merfolk
  3 meliai (D:14)
  Grinder (D:6)
  3 wind drakes
  3 hornets (Lair:6)
  71 slime creatures
  7 blink frogs
  15 dream sheep
  A meliai zombie (D:13)
  8 snapping turtles
  A raiju (shapeshifter) (D:14)
  A centaur simulacrum (D:14)
  58 yaks
  A tarantella (shapeshifter) (D:13)
  A redback (Lair:6)
  Grum (D:9)
  2 air elementals
  22 water elementals
  A spriggan (D:9)
  12 wyverns
  A wyvern (shapeshifter) (Elf:3)
  3 shadows
  2 fire elementals (Elf:1)
  8 golden eyes (Slime:3)
  9 wraiths
  A basilisk (Lair:5)
  5 hogs (Snake:4)
  A steam dragon (Lair:5)
  3 vampire mosquitoes (D:14)
  2 soldier ants (D:14)
  56 nagas
  6 wargs
  24 water moccasins
  2 acid dragons
  A floating eye (Slime:2)
  7 sky beasts
  A floating eye (shapeshifter) (D:14)
  42 orc warriors
  4 black bears
  Purgy (Sewer)
  7 eyes of draining
  12 ice beasts
  4 phantoms
  16 ogres
  16 wolves
  8 centaurs
  4 big kobolds
  18 bullfrogs
  5 earth elementals
  A hornet simulacrum (D:14)
  4 scorpions
  4 killer bees (D:11)
  3 electric eels (D:6)
  15 wights
  5 howler monkeys
  8 centaur zombies
  4 crimson imps (D:15)
  4 bullfrog zombies
  3 quasits
  A jelly (shapeshifter) (D:14)
  4 hounds
  9 jellies
  5 centaur skeletons
  45 orc priests
  3 bullfrog skeletons
  6 iguanas
  23 orc wizards
  3 hell rats (Lair:6)
  11 worker ants
  A killer bee zombie (Ossuary)
  A hound zombie (D:8)
  13 mummies (Ossuary)
  5 worker ant zombies
  A howler monkey zombie (D:6)
  19 adders
  A howler monkey skeleton (D:6)
  3 river rats (Lair:6)
  3 shadow imps
  9 white imps
  2 ufetubi
  An adder zombie (D:9)
  4 oozes
  An adder skeleton (D:7)
  A worm (D:5)
  12 dart slugs
  10 leopard geckos
  109 orcs
  11 bats
  5 giant cockroaches
  9 goblins
  6 hobgoblins
  10 jackals
  32 kobolds
  2 quokkas
  8 ball pythons
  A ball python zombie (Ossuary)
  14 frilled lizards
  A giant cockroach zombie (Ossuary)
  A jackal zombie (Ossuary)
  4 quokka zombies (Ossuary)
  16 rats
  10 crawling corpses
  A tentacle (Shoals:4)
1560 creatures vanquished.

Vanquished Creatures (others)
  A deep elf elementalist (Elf:3)
  A deep elf death mage (Elf:3)
  A merfolk aquamancer (Shoals:4)
  A merfolk siren (Shoals:2)
  An ice beast (D:14)
  2 dart slugs (D:6)
  34 fungi
  117 plants
  3 tentacles (Shoals:4)
  8 withered plants (Ossuary)
169 creatures vanquished.

Grand Total: 1729 creatures vanquished

Notes
Turn   | Place    | Note
-------+----------+-------------------------------------------
     0 | D:1      | Almogavar the Hill Orc Fighter began the quest for the Orb.
     0 | D:1      | Reached XP level 1. HP: 19/19 MP: 1/1
    90 | D:1      | Reached XP level 2. HP: 26/27 MP: 2/2
   561 | D:1      | Reached skill level 4 in Fighting
   607 | D:1      | Found a broken altar of Ashenzari.
   613 | D:1      | Reached XP level 3. HP: 33/33 MP: 3/3
  1010 | D:2      | Found a faded altar of an unknown god.
  1156 | D:2      | Reached XP level 4. HP: 40/40 MP: 4/4
  1335 | D:2      | Noticed an ogre
  1345 | D:2      | Killed an ogre
  1346 | D:2      | Reached skill level 5 in Axes
  1346 | D:2      | Reached XP level 5. HP: 24/46 MP: 5/5
  2879 | D:4      | Found a staircase to the Ecumenical Temple.
  2895 | Temple   | Entered the Ecumenical Temple
  2926 | Temple   | Became a worshipper of Warmaster Okawaru
  2949 | D:4      | Reached XP level 6. HP: 52/52 MP: 6/6
  3210 | D:4      | Got a glimmering plate armour
  3221 | D:4      | Identified the +9 plate armour of Negation {Slay+3} (You
                  | found it on level 4 of the Dungeon)
  4085 | D:5      | Entered Level 5 of the Dungeon
  4117 | D:5      | Reached XP level 7. HP: 56/60 MP: 7/7
  4119 | D:5      | Found a shimmering altar of Xom.
  4174 | D:5      | Found a bloodstained altar of Trog.
  4174 | D:5      | Found a faded altar of an unknown god.
  4210 | D:5      | Found a sand-covered staircase.
  4217 | Ossuary  | Entered an ossuary
  4288 | Ossuary  | Reached skill level 5 in Shields
  4383 | Ossuary  | Reached XP level 8. HP: 34/67 MP: 8/8
  4393 | Ossuary  | Reached skill level 1 in Dodging
  4556 | Ossuary  | Reached skill level 5 in Fighting
  4584 | Ossuary  | Reached * piety under Okawaru
  4782 | D:5      | Found a shimmering altar of Xom.
  4784 | D:5      | Found a shimmering altar of Xom.
  4784 | D:5      | Found a shimmering altar of Xom.
  5073 | D:5      | Found a glowing golden altar of the Shining One.
  5075 | D:5      | Found a faded altar of an unknown god.
  5077 | D:5      | Found a shimmering blue altar of Sif Muna.
  5178 | D:5      | Found a glowing silver altar of Zin.
  5345 | D:5      | Reached skill level 10 in Axes
  5366 | D:5      | Reached skill level 6 in Fighting
  5568 | D:6      | Found a blossoming altar of Fedhas.
  5575 | D:6      | Found an iron altar of Okawaru.
  5617 | D:6      | Found a glowing drain.
  5623 | D:6      | Reached skill level 5 in Armour
  5628 | Sewer    | Entered a sewer
  5713 | Sewer    | Noticed Purgy
  5724 | Sewer    | Killed Purgy
  5724 | Sewer    | Reached ** piety under Okawaru
  5788 | Sewer    | Reached XP level 9. HP: 75/75 MP: 9/9
  6575 | D:6      | Noticed Grinder
  6576 | D:6      | Paralysed by Grinder for 7 turns
  6593 | D:6      | Killed Grinder
  6594 | D:6      | Reached skill level 1 in Throwing
  6781 | D:6      | Found an ornate altar of the Wu Jian Council.
  7163 | D:7      | Reached *** piety under Okawaru
  7164 | D:7      | Reached skill level 7 in Fighting
  7419 | D:7      | Reached XP level 10. HP: 86/86 MP: 10/10
  8027 | D:8      | Reached **** piety under Okawaru
  8138 | D:8      | Got a fine marble ring
  8140 | D:8      | Identified the ring "Huh Ogig" {Wiz +Fly rN+ Str-4 Dex+5}
                  | (You found it on level 8 of the Dungeon)
  8367 | D:8      | Found a burning altar of Makhleb.
  8511 | D:8      | Reached skill level 8 in Fighting
  8558 | D:8      | Noticed a two-headed ogre
  8574 | D:8      | Killed a two-headed ogre
  9407 | D:9      | Found a broken altar of Ashenzari.
  9407 | D:9      | Found an ancient bone altar of Kikubaaqudgha.
  9502 | D:9      | Reached skill level 1 in Invocations
  9520 | D:9      | Found Locost's General Store.
  9538 | D:9      | Reached ***** piety under Okawaru
  9580 | D:9      | Noticed Grum
  9612 | D:9      | Killed Grum
  9847 | D:9      | Found a sacrificial altar of Ru.
  9955 | D:9      | Found a hazy altar of Hepliaklqana.
  9988 | D:9      | Noticed a manticore
  9997 | D:9      | Killed a manticore
  9998 | D:9      | Reached skill level 9 in Fighting
  9998 | D:9      | Reached XP level 11. HP: 93/97 MP: 11/11
 10096 | D:9      | Received a gift from Okawaru
 10362 | D:10     | Entered Level 10 of the Dungeon
 10808 | D:10     | Found a staircase to the Lair.
 11340 | D:10     | Reached ****** piety under Okawaru
 11344 | D:10     | Reached skill level 10 in Shields
 11399 | D:10     | Noticed Erica
 11428 | D:10     | Killed Erica
 11627 | Lair:1   | Entered Level 1 of the Lair of Beasts
 11691 | D:11     | Found a staircase to the Orcish Mines.
 11701 | D:11     | Noticed a two-headed ogre
 11715 | D:11     | Killed a two-headed ogre
 11871 | D:11     | Reached skill level 15 in Axes
 11883 | D:11     | Received a gift from Okawaru
 11894 | D:11     | Reached skill level 10 in Fighting
 12008 | D:11     | Reached XP level 12. HP: 89/106 MP: 11/13
 12552 | Orc:1    | Entered Level 1 of the Orcish Mines
 12702 | Orc:1    | Noticed a stone giant
 12729 | Orc:1    | Killed a stone giant
 13723 | Orc:1    | Found a roughly hewn altar of Beogh.
 13998 | Orc:2    | Entered Level 2 of the Orcish Mines
 13998 | Orc:2    | Found a staircase to the Elven Halls.
 14081 | Orc:2    | Found a roughly hewn altar of Beogh.
 14300 | Orc:2    | Reached skill level 11 in Fighting
 15116 | Orc:2    | Noticed an orc warlord
 15212 | Orc:2    | Killed an orc warlord
 15666 | Orc:2    | Noticed an orc high priest
 16048 | Orc:1    | Received a gift from Okawaru
 16117 | Orc:1    | Killed an orc high priest
 16563 | Orc:2    | Reached XP level 13. HP: 63/117 MP: 14/14
 16780 | Orc:2    | Reached skill level 5 in Throwing
 16964 | Orc:1    | Reached skill level 12 in Fighting
 17533 | Orc:1    | Received a gift from Okawaru
 18580 | Orc:2    | Found Oddeurr's Antique Armour Shop.
 18732 | Orc:2    | Found Gyahual's Magic Scroll Shop.
 18735 | Orc:2    | Found Xiton's Antique Armour Shop.
 18738 | Orc:2    | Found Jinu's Weapon Boutique.
 18739 | Orc:2    | Found Noepse's Distillery.
 18742 | Orc:2    | Bought a potion of heal wounds for 75 gold pieces
 20057 | Lair:2   | Noticed Nergalle
 20083 | Lair:2   | Killed Nergalle
 20888 | Lair:2   | HP: 3/119 [boulder beetle (22)]
 21290 | Lair:2   | Received a gift from Okawaru
 21293 | Lair:2   | Got a steaming war axe {god gift}
 21526 | Lair:2   | Identified the +3 war axe of Growth {freeze, rN+} (Okawaru
                  | gifted it to you on level 2 of the Lair of Beasts)
 22032 | Lair:2   | Reached skill level 13 in Fighting
 22033 | Lair:2   | Got a bound copper ring
 22062 | Lair:2   | Identified the ring of Beauty {rN+ SInv} (You found it on
                  | level 2 of the Lair of Beasts)
 22098 | Lair:3   | Reached XP level 14. HP: 129/129 MP: 15/15
 22126 | Lair:3   | Received a gift from Okawaru
 22162 | Lair:3   | Reached skill level 10 in Armour
 22686 | Lair:3   | Received a gift from Okawaru
 22886 | Lair:3   | Noticed Gastronok
 22901 | Lair:3   | Killed Gastronok
 22901 | Lair:3   | Received a gift from Okawaru
 23061 | Lair:3   | Found a staircase to the Shoals.
 23759 | Lair:4   | Found a staircase to the Snake Pit.
 24517 | Lair:5   | Found a frozen archway.
 24527 | IceCv    | Entered an ice cave
 25366 | Lair:5   | You fall into a shaft and drop 1 floor!
 25366 | Lair:6   | Entered Level 6 of the Lair of Beasts
 25392 | Lair:6   | Found a staircase to the Slime Pits.
 25422 | Lair:6   | Received a gift from Okawaru
 25462 | Lair:6   | Found a dark tunnel.
 25467 | Volcano  | Entered a volcano
 25586 | Volcano  | Reached skill level 14 in Fighting
 25680 | Volcano  | Noticed a red draconian
 25693 | Volcano  | Killed a red draconian
 25863 | Lair:6   | Reached XP level 15. HP: 64/138 MP: 17/17
 26367 | Lair:6   | Received a gift from Okawaru
 26973 | Lair:6   | Reached skill level 15 in Shields
 27763 | D:12     | Found a corrupted altar of Lugonu.
 27798 | D:12     | Noticed Jorgrun
 27815 | D:12     | Killed Jorgrun
 27979 | D:12     | Found Margh's Antique Armour Shop.
 28003 | D:12     | Noticed Josephine
 28010 | D:12     | Killed Josephine
 28527 | D:13     | Reached skill level 15 in Fighting
 28801 | D:13     | Found the +5 sword of Power {vorpal}
 28944 | D:13     | Reached skill level 10 in Throwing
 28948 | D:13     | Found a gate to the Vaults.
 29057 | D:14     | Received a gift from Okawaru
 29109 | D:14     | Identified the +1 trident "Puxanar" {antimagic, rF+++ Str+2
                  | Int-4 SInv}
 29384 | D:14     | Received a gift from Okawaru
 29397 | D:14     | Reached XP level 16. HP: 151/151 MP: 18/18
 29613 | D:14     | Reached skill level 16 in Fighting
 29621 | D:14     | Identified the amulet "Caominne" {Faith *Drain rN+ Will+++
                  | Dex+4}
 30311 | D:14     | Paralysed by a floating eye for 4 turns
 30672 | D:14     | Found a shadowy altar of Dithmenos.
 31120 | D:15     | Entered Level 15 of the Dungeon
 31200 | D:15     | Reached skill level 17 in Fighting
 31204 | D:15     | Received a gift from Okawaru
 31218 | D:15     | Found a staircase to the Depths.
 31753 | D:15     | Received a gift from Okawaru
 31862 | D:15     | Got a pair of buzzing gloves
 31868 | D:15     | Identified the +0 pair of gloves "Hexad" {Str+5 Int+3
                  | Dex-4} (You found it on level 15 of the Dungeon)
 32347 | Shoals:1 | Entered Level 1 of the Shoals
 33478 | Shoals:2 | Noticed Ilsuiw
 33490 | Shoals:2 | Killed Ilsuiw
 33509 | Shoals:2 | Reached XP level 17. HP: 86/163 MP: 19/19
 33797 | Shoals:2 | Received a gift from Okawaru
 33982 | Shoals:2 | Found a runed translucent gate.
 33983 | Shoals:2 | Found a runed translucent gate.
 33984 | Shoals:2 | Noticed xzight's ghost (adept MiBe)
 34158 | Shoals:2 | Noticed Polyphemus
 34171 | Shoals:2 | Killed Polyphemus
 34417 | Shoals:2 | Reached skill level 18 in Fighting
 34493 | Shoals:2 | Found a runed translucent gate.
 34873 | Shoals:2 | Killed xzight's ghost
 34876 | Shoals:2 | HP: 5/163 [satyr/arrow (31)]
 35289 | Shoals:1 | Gained mutation: Your body sometimes deteriorates upon
                  | taking damage. [mutagenic glow]
 35304 | Shoals:1 | Gained mutation: Your body often deteriorates upon taking
                  | damage. [mutagenic glow]
 35323 | Shoals:1 | Gained mutation: You expend magic power (3 MP) to
                  | strengthen your wands. [mutagenic glow]
 35908 | Shoals:2 | Got a pair of polished gloves
 35919 | Shoals:2 | Identified the +0 pair of gloves of Fashionability {rCorr}
                  | (You found it on level 2 of the Shoals)
 36369 | Shoals:3 | Noticed Donald
 36382 | Shoals:3 | Killed Donald
 36583 | Shoals:3 | Reached skill level 1 in Evocations
 36780 | Shoals:4 | Entered Level 4 of the Shoals
 37199 | Shoals:4 | Found Hozoirgh's Jewellery Emporium.
 37233 | Shoals:4 | Received a gift from Okawaru
 37262 | Shoals:4 | Reached skill level 15 in Armour
 37279 | Shoals:4 | Reached skill level 19 in Fighting
 38183 | Shoals:4 | Noticed a kraken
 38193 | Shoals:4 | Killed a kraken
 38193 | Shoals:4 | Received a gift from Okawaru
 38197 | Shoals:4 | Reached XP level 18. HP: 145/176 MP: 21/21
 38220 | Shoals:4 | Got a barnacled rune of Zot
 39065 | Snake:1  | Entered Level 1 of the Snake Pit
 39142 | Snake:1  | Noticed Louise
 39158 | Snake:1  | Killed Louise
 39465 | Snake:1  | Found Gokhlate's Assorted Antiques.
 39467 | Snake:1  | Found Wiet's Distillery.
 39470 | Snake:1  | Found Ugri's Assorted Antiques.
 39475 | Snake:1  | Bought 2 potions of heal wounds for 160 gold pieces
 39475 | Snake:1  | Bought a potion of heal wounds for 80 gold pieces
 39571 | Snake:1  | Identified Roxanne's Catalogue of Transformation
 39571 | Snake:1  | Noticed Roxanne
 39979 | Snake:1  | Got a fine iron ring
 39981 | Snake:1  | Identified the ring "Fahuihoc" {rF+ rC+++ rN+ Int+2 Dex+6}
                  | (You found it on level 1 of the Snake Pit)
 40072 | Snake:1  | Received a gift from Okawaru
 40125 | Snake:1  | Reached skill level 5 in Invocations
 40625 | Snake:1  | Killed Roxanne
 40895 | Snake:2  | Reached skill level 20 in Fighting
 41379 | Snake:2  | Found Woplar's Gadget Shop.
 41380 | Snake:2  | Found Labops's Jewellery Emporium.
 41382 | Snake:2  | Found Reagh's Gadget Shop.
 41390 | Snake:2  | Bought a condenser vane for 760 gold pieces
 42695 | Snake:3  | Found Nuqupomi's Distillery.
 42697 | Snake:3  | Found Baigg's Magic Scroll Shoppe.
 42697 | Snake:3  | Found Geuhasesh's Armour Emporium.
 42702 | Snake:3  | Bought a potion of heal wounds for 100 gold pieces
 42702 | Snake:3  | Found Xeot Gulac's Magic Scroll Emporium.
 42705 | Snake:3  | Bought a scroll of blinking for 82 gold pieces
 42705 | Snake:3  | Bought a scroll of blinking for 82 gold pieces
 43216 | Snake:3  | Received a gift from Okawaru
 43222 | Snake:3  | Got a jewelled battleaxe {god gift}
 43228 | Snake:3  | Identified the +7 battleaxe of Dullness {elec, Str+2}
                  | (Okawaru gifted it to you on level 3 of the Snake Pit)
 43466 | Snake:4  | Entered Level 4 of the Snake Pit
 43471 | Snake:4  | Reached skill level 21 in Fighting
 43967 | Snake:4  | Noticed Vashnia
 43977 | Snake:4  | Reached XP level 19. HP: 148/189 MP: 22/22
 43991 | Snake:4  | HP: 5/189 [Vashnia/arrow (29)]
 44532 | Snake:4  | Killed Vashnia
 44653 | Snake:4  | Received a gift from Okawaru
 44980 | Snake:4  | Received a gift from Okawaru
 45450 | Snake:4  | Noticed Kirke
 45453 | Snake:4  | Noticed Aizul
 45466 | Snake:4  | Killed Kirke
 45466 | Snake:4  | Received a gift from Okawaru
 45467 | Snake:4  | Reached skill level 22 in Fighting
 45467 | Snake:4  | Killed Aizul
 46066 | Snake:4  | Got a serpentine rune of Zot
 46477 | Elf:1    | Entered Level 1 of the Elven Halls
 46704 | Elf:1    | Reached skill level 5 in Evocations
 46983 | Elf:1    | Received a gift from Okawaru
 46996 | Elf:1    | Got a scorched hat {god gift}
 47007 | Elf:1    | Identified the +2 hat of Udekk {rC+} (Okawaru gifted it to
                  | you on level 1 of the Elven Halls)
 48167 | Elf:2    | Found Gawkemud's Magic Scroll Shop.
 48179 | Elf:2    | Bought a scroll of enchant armour for 112 gold pieces
 48991 | Elf:2    | Found a huge runed translucent gate.
 48991 | Elf:2    | Found a huge runed translucent gate.
 49001 | Elf:2    | Found a huge runed translucent gate.
 49015 | Elf:2    | Found a huge runed translucent gate.
 49015 | Elf:2    | Found a huge runed translucent gate.
 49085 | Elf:2    | Reached XP level 20. HP: 195/202 MP: 23/23
 49112 | Elf:2    | Reached skill level 23 in Fighting
 50086 | Elf:3    | Entered Level 3 of the Elven Halls
 50119 | Elf:3    | Received a gift from Okawaru
 50402 | Elf:3    | Received a gift from Okawaru
 50889 | Elf:3    | Identified the +1 robe "Enakac" {SInv}
 50889 | Elf:3    | Identified the ring of Qododa {rF+ rC+ Stlth+}
 50993 | Elf:3    | Reached skill level 24 in Fighting
 52098 | Elf:3    | Received a gift from Okawaru
 52116 | Elf:3    | Identified the cursed +0 spear "Lywkurch" {flame, rElec
                  | Will+++ Str+2 Int-4}
 52425 | Elf:3    | Reached XP level 21. HP: 82/215 MP: 24/24
 52798 | Elf:3    | Identified a +0 pair of boots of running (Okawaru gifted it
                  | to you on level 3 of the Elven Halls)
 52841 | Elf:3    | Identified Uhiqoss's Handbook of Confrontation and
                  | Transmutation
 52970 | Elf:3    | Got a pair of encrusted boots
 52981 | Elf:3    | Identified the cursed +0 pair of boots of the Shore {rElec
                  | rF- Dex+6 Stlth+} (You found it on level 3 of the Elven
                  | Halls)
 53080 | Elf:3    | Identified the Reference Book on Stones and Unholy Magic
 53546 | Slime:1  | Entered Level 1 of the Pits of Slime
 54065 | Slime:2  | Reached skill level 25 in Fighting
 54495 | Slime:3  | Gained mutation: Scrolls take you a little longer to read.
                  | [a shining eye]
 55156 | Slime:4  | Received a gift from Okawaru
 55705 | Slime:5  | Entered Level 5 of the Pits of Slime
 55877 | Slime:5  | Noticed the Royal Jelly
 56390 | Slime:5  | Gained mutation: Your spells are a little easier to cast,
                  | but a little less powerful. [a shining eye]
 56405 | Slime:5  | Killed the Royal Jelly
 56405 | Slime:5  | Received a gift from Okawaru
 56405 | Slime:5  | Received a gift from Okawaru
 56406 | Slime:5  | Reached skill level 26 in Fighting
 56410 | Slime:4  | HP: 10/221 [azure jelly[the Royal Jelly] (7)]
 56410 | Slime:4  | Slain by an azure jelly

Illustrated notes

Levels and vault maps discovered:
D:1:      dpeg_arrival_windows_large_door, layout_loops_ring, st_stairs_9,
          ashenzari_altar_1
D:2:      layout_basic, chequers_ecumenical_altar_simple
D:3:      layout_basic
D:4:      layout_gridville, minmay_temple_entry_slanted, corner_web_ring
D:5:      layout_basic, lemuel_round_altar, chequers_temple_overflow_minitemple,
          xom_redecorated, basic_altar, enter_ossuary_1
D:6:      kennysheep_slugbush, layout_rooms, nzn_wu_jian_council_hall,
          fedhas_altar_1, gup_sewer_entry_bubbles,
          chequers_serial_rivers_room_b, okawaru_ov_weapons_minmay, uniq_grinder
D:7:      layout_loops_ring, amethyst_killhole, st_stairs_1
D:8:      layout_layer_cave, kennysheep_mini, solitary_fountain
D:9:      layout_basic, amethyst_overflow_temple_binary, lemuel_doored_altar,
          nicolae_ru_path_of_blood, serial_shops, nicolae_shop_statue_plus,
          the_bakery, uniq_grum
D:10:     layout_rooms, dpeg_oklobed_lair, corexii_hall_statues_t,
          minmay_misc_feat_doors, uniq_erica
D:11:     layout_roguey, david_orc_2, minmay_misc_feat_encased
D:12:     kennysheep_kobold_lugonu_temple, layout_irregular_city, serial_shops,
          nicolae_shop_trees, minivault_25_ag, uniq_jorgrun, uniq_josephine
D:13:     layout_cross, david_vaults_1
D:14:     minmay_the_grid_square_5x5_5x5 [minmay_the_grid_square_5x5_percent,
          minmay_the_grid_square_5x5_minibox,
          minmay_the_grid_square_5x5_three_walls,
          minmay_the_grid_square_5x5_tri_point,
          minmay_the_grid_square_5x5_inner_i,
          minmay_the_grid_square_5x5_hollow_slash,
          minmay_the_grid_square_5x5_prize_rear_guard,
          minmay_the_grid_square_5x5_doubleslash,
          minmay_the_grid_square_5x5_prize_junk,
          minmay_the_grid_square_5x5_inset,
          minmay_the_grid_square_5x5_bracketed, minmay_the_grid_square_5x5_two,
          minmay_the_grid_square_5x5_prize_monsterx,
          minmay_the_grid_square_5x5_checkered_sparse,
          minmay_the_grid_square_5x5_fat_x,
          minmay_the_grid_square_5x5_three_small,
          minmay_the_grid_square_5x5_prize_gold,
          minmay_the_grid_square_5x5_two_walls_b,
          minmay_the_grid_square_5x5_prize_snowflake,
          minmay_the_grid_square_5x5_z, minmay_the_grid_square_5x5_shuriken,
          minmay_the_grid_square_5x5_inner_v, minmay_the_grid_square_5x5_bridge,
          minmay_the_grid_square_5x5_slash,
          minmay_the_grid_square_5x5_checkered], layout_cave_pools,
          grunt_dithmenos_shadows, nooodl_orcs_dogs
D:15:     hangedman_depths_entry_civil_slaughter, layout_cave_pods,
          chequers_serial_rivers_micro_c, minmay_fire_ice_demons
Temple:   chequers_temple_sunken
Lair:1:   layout_chaotic_city
Lair:2:   layout_chaotic_city, grunt_megastairs_4, minmay_lair_oklob_chamber,
          uniq_nergalle
Lair:3:   layout_regular_city, minmay_shoals_entry_lonely_mermaid,
          uniq_gastronok
Lair:4:   layout_gridlike, minmay_snake_entry_six_corridors,
          serial_bayou_shore_b
Lair:5:   layout_regular_city, portal_ice_cave_rime
Lair:6:   hangedman_lair_tendril_chambers, layout_regular_city,
          nicolae_slime_entry_slimehenge, enter_volcano_4,
          chequers_serial_rivers_small_3, kennysheep_abandoned_house
Shoals:1: layout_shoals, nicolae_shoals_water_elemental_grotto
Shoals:2: layout_shoals, gammafunk_ghost_tricky_traps,
          nicolae_shoals_circle_sea_wall, uniq_polyphemus, uniq_ilsuiw
Shoals:3: layout_shoals, nicolae_shoals_isolated_beach, uniq_donald
Shoals:4: shoals_end_hangedman, layout_shoals, serial_shops,
          nicolae_shop_behind_doors, nicolae_shoals_aquamancer_cove
Snake:1:  layout_concentric_octagons, st_stairs_8, minmay_shop_star,
          uniq_roxanne, uniq_louise
Snake:2:  layout_basic, minmay_shop_grove
Snake:3:  layout_cave_pods, minmay_shoptagon
Snake:4:  johnstein_snake_rune_scales, layout_cave_town, uniq_kirke,
          uniq_vashnia, uniq_aizul
Slime:1:  nicolae_slime_pool, layout_caves, cheibrodos_slime_lost_civilization_7
Slime:2:  layout_caves
Slime:3:  layout_caves
Slime:4:  layout_caves
Slime:5
Orc:1:    layout_caves, minmay_orc_temple_b
Orc:2:    st_orc_pillars, layout_caves, serial_shops, nicolae_shop_behind_doors,
          basic_altar
Elf:1:    elf_arrival_001, layout_onion_city, kennysheep_underground_church
Elf:2:    layout_geoelf_grid, serial_shops, shop, serial_sigils,
          serial_sigils_hangedman_quiver, serial_sigils_hangedman_shear,
          serial_sigils_hangedman_confine, serial_sigils_hangedman_gut
Elf:3:    nooodl_elf_gasket, layout_loops_corners

Skill      XL: |  1  2  3  4  5  6  7  8  9 10 11 12 13 14 15 16 17 18 19 20 21 |
---------------+----------------------------------------------------------------+-----
Axes           | 3 4 5 6 8 10 12 13 15 | 15.2
Fighting       | 4 6 7 9 10 11 13 14 15 17 19 21 22 24 26 | 26.2
Armour         | 4 5 6 7 8 9 11 12 13 15 16 17 18 | 18.2
Shields        | 4 5 6 7 9 10 12 13 14 15 | 15.1
Dodging        | 1 2 3 4 |  4.3
Throwing       | 1 2 3 4 7 9 10 11 12 | 12.1
Invocations    | 1 2 4 5 |  5.1
Evocations     | 1 3 5 7 8 |  8.2
Maces & Flails | |  0.2
Stealth        | |  0.1

Action                   |  1- 3 |  4- 6 |  7- 9 | 10-12 | 13-15 | 16-18 | 19-21 || total
-------------------------+-------+-------+-------+-------+-------+-------+-------++-------
Melee: War axe           |    99 |   167 |   420 |       |   612 |   954 |       ||  2252
       Hand axe          |       |       |     2 |  1079 |   427 |       |       ||  1508
       Morningstar       |       |       |       |       |     9 |     4 |       ||    13
       Battleaxe         |       |       |       |       |       |    51 |   589 ||   640
Throw: Boomerang         |       |     5 |    12 |    67 |   278 |   451 |   557 ||  1370
       Dart              |       |     6 |     9 |    49 |     7 |       |       ||    71
       Javelin           |       |       |       |    21 |       |       |       ||    21
Invok: Heroism           |       |       |     2 |    10 |     8 |     7 |    11 ||    38
       Finesse           |       |       |       |     1 |       |     1 |     1 ||     3
Evoke: Wand              |       |       |       |       |     2 |       |       ||     2
       Phial of floods   |       |       |       |       |       |     1 |       ||     1
       Condenser vane    |       |       |       |       |       |       |     1 ||     1
  Use: Scroll            |     8 |     2 |     5 |    13 |    12 |     9 |     6 ||    55
       Potion            |       |       |       |       |     2 |     2 |     6 ||    10
Armor: Scale mail        |    50 |    54 |       |       |       |       |       ||   104
       Plate armour      |       |    23 |   207 |   277 |   269 |   306 |   481 ||  1563
Dodge: Dodged            |    24 |    44 |    64 |   111 |   132 |   153 |   307 ||   835
       Repelled          |       |       |       |       |       |    11 |    30 ||    41
Block: Kite shield       |    54 |    91 |   189 |   603 |   652 |   769 |       ||  2358
       Reflection        |       |       |       |    32 |    24 |   108 |     9 ||   173
       Other             |       |       |       |       |       |    19 |    28 ||    47
